 Dungeon Sprint DCSS version 0.26-a0-652-gafc20e3620 (webtiles) character file.

Game seed: 5374336644678255267

4602 TerrariaFan the Peltast (level 10, -5/100 HPs)
             Began as a Deep Dwarf Fighter on Oct 3, 2020.
             Was the Champion of Makhleb.
             Slain by a titan (24 damage)
             ... in the Dungeon (Sprint V: "Ziggurat Sprint").
             The game lasted 00:03:45 (612 turns).

TerrariaFan the Peltast (Deep Dwarf Fighter)         Turns: 612, Time: 00:03:46

Health: -5/100     AC: 29    Str: 23    XL:     10   Next: 19%
Magic:  9/9        EV:  3    Int:  9    God:    Makhleb [******]
Gold:   0          SH: 37    Dex: 12    Spells: 9/9 levels left

rFire    . . .     SeeInvis .   y - +7 Screaming Sword {vorpal, sonic wave}
rCold    . . .     Faith    .   A - +18 shield of the Gong {rElec rN+ MR+ EV-5}
rNeg     + . .     Spirit   .   z - +15 Maxwell's patent armour {-Cast -Tele rElec MR+ rCorr}
rPois    .         Reflect  +   (no helmet)
rElec    +         Harm     .   (no cloak)
rCorr    +         Rampage  .   (no gloves)
MR       +++..     NoTele   +   (no boots) Stlth ..........NoCast +
                                C - amulet of reflection
HPRegen  0.00/turn              (no ring)
MPRegen  0.11/turn              (no ring)

@: non-regenerating, studying Staves
A: damage resistance, heal wounds, sense surroundings 2, no regeneration
a: Heal Wounds, Minor Destruction, Lesser Servant of Makhleb, Major Destruction,
Greater Servant of Makhleb, Renounce Religion


You were in the Dungeon.
You worshipped Makhleb.
Makhleb was exalted by your worship.
You visited 1 branch

Inventory:

Hand Weapons
 a - a +0 long sword
 y - the +7 Screaming Sword (weapon) {vorpal, sonic wave}
   (You found it in the Dungeon)

   It inflicts extra damage upon your enemies.
Armour
 b - a +0 scale mail
 c - a +0 kite shield
 z - the +15 Maxwell's patent armour (worn) {-Cast -Tele rElec MR+ rCorr}
   (You found it in the Dungeon)

   It insulates you from electricity.
   It affects your resistance to hostile enchantments.
   It prevents spellcasting.
   It prevents most forms of teleportation.
   It provides partial protection from all sources of acid and corrosion.
 A - the +18 shield of the Gong (worn) {rElec rN+ MR+ EV-5}
   (You found it in the Dungeon)

   It affects your evasion (-5).
   It insulates you from electricity.
   It protects you from negative energy.
   It affects your resistance to hostile enchantments.
Jewellery
 C - an amulet of reflection (around neck)
 D - an uncursed ring of flight
Wands
 v - a wand of disintegration (7)
 w - a wand of iceblast (7)
 x - a wand of acid (7)
Scrolls
 j - 4 scrolls of blinking
 p - 4 scrolls of amnesia
 q - 7 scrolls of fog
 r - a scroll of holy word
 s - 5 scrolls of identify
 t - 5 scrolls of remove curse
 u - 2 scrolls of fear
Potions
 d - 6 potions of might
 e - 10 potions of curing
 f - 9 potions of heal wounds
 g - 6 potions of haste
 h - 7 potions of magic
 i - 3 potions of berserk rage
 k - 2 potions of brilliance
 l - 2 potions of invisibility
 m - 4 potions of resistance
 n - a potion of experience
 o - 5 potions of stabbing
Books
 B - a manual of Staves


   Skills:
 + Level 9.7 Fighting
 + Level 13.4 Long Blades
 + Level 9.1 Armour
 + Level 2.9 Dodging
 + Level 0.2 Stealth
 + Level 16.2 Shields


You had 9 spell levels left.
You didn't know any spells.
Your spell library contained the following spells:

 Spells                   Type           Power        Failure   Level
 Shock                    Conj/Air       #...         99%         1
 Sting                    Tmut/Pois      #...         99%         1
 Poisonous Vapours        Pois/Air       #.....       100%        2
 Swiftness                Air            #.......     100%        2
 Ignite Poison            Fire/Tmut/Pois #.......     100%        3
 Mephitic Cloud           Conj/Pois/Air  #.......     100%        3
 Static Discharge         Conj/Air       #.......     100%        3
 Airstrike                Air            #.........   100%        4
 Olgreb's Toxic Radiance  Pois           #.......     100%        4
 Lightning Bolt           Conj/Air       #.........   100%        5


Dungeon Overview and Level Annotations

Branches:
Dungeon (1/1)

Altars:
Ashenzari
Cheibriados
Dithmenos
Elyvilon
Fedhas
Gozag
Hepliaklqana
Kikubaaqudgha
Makhleb
Nemelex Xobeh
Okawaru
Qazlal
Ru
Sif Muna
Trog
Uskayaw
Vehumet
Wu Jian
Xom
Yredelemnul
Zin
The Shining One
Beogh
Jiyva
Lugonu

Annotations:
D 1 transporter


Innate Abilities, Weirdness & Mutations

You are resistant to damage.
You can heal yourself by infusing magical energy.
You passively map the area around you.
You do not regenerate.


Message History

The Screaming Sword screams, "MY LOVE IS ETERNAL!"
You send a blast of sound all around you.
The monsters around you are blasted!
The titan is severely wounded.
The wind drake is heavily wounded.
The storm dragon is heavily wounded.
The spriggan air mage is severely wounded.
The spriggan air mage is heavily wounded.
The storm dragon is severely wounded.
You destroy the insubstantial wisp!
Makhleb accepts your kill.
You feel better.
The spriggan air mage is severely wounded. x2
The titan is severely wounded.
You block the storm dragon's attack.
GONNNNG!
The storm dragon claws you but does no damage.
You block the storm dragon's attack.
SHROANNG!
The titan hits you!!
You die...

* ▓▓▓▓▓▓▓▓▓▓▓▓▓▓▓▓▓▓▓
,
▓...8©8...▓...8©8...▓
, ,,
▓..)|=....▓..||))|..▓
, ,,
▓..)=:)[..▓...[(|:..▓
,
▓.........▓.........▓
, ,,
▓.........▓..))[....▓
* ,
▓...§i....▓....))...▓
, ,
▓...iDi...▓...÷)....▓
▓...C@i...▓.▓.....▓.▓
, ,
▓...D†k...▓....©....▓
,▓....©....▓▓▓▓▓▓▓▓▓▓▓
* ▓▓▓▓▓▓▓▓▓▓▓ ** * **
* *, , © , * , , , ,,,
, , * , , * , , , , *
, , , , , , , ,


You could see a titan, 2 storm dragons, a wind drake (repels missiles) and 4
spriggan air magi.

Vanquished Creatures
  Gastronok (D)
  Joseph (D)
  A guardian mummy (D)
  Prince Ribbit (D)
  A wind drake (D)
  Grinder (D)
  Sigmund (D)
  An ushabti (D)
  A yak (D)
  Edmund (D)
  An insubstantial wisp (D)
  A hell hound (D)
  A water moccasin (D)
  2 porcupines (D)
  An orc warrior (D)
  Purgy (D)
  A necrophage (D)
  A wolf (D)
  2 bullfrogs (D)
  Dowan (D)
  A crimson imp (D)
  2 quasits (D)
  Crazy Yiuf (D)
  3 orc priests (D)
  4 orc wizards (D)
  An iguana (D)
  2 mummies (D)
  A river rat (D)
  A shadow imp (D)
  An ufetubus (D)
  3 adder skeletons (D)
  3 orcs (D)
  2 ball pythons (D)
  2 bat zombies (D)
  2 jackals (D)
  2 giant cockroach zombies (D)
  A jackal zombie (D)
  A leopard gecko zombie (D)
  A quokka skeleton (D)
56 creatures vanquished.

Notes
Turn   | Place    | Note
-------+----------+-------------------------------------------
     0 | D        | TerrariaFan the Deep Dwarf Fighter began the quest for the
                  | Orb.
     0 | D        | Reached XP level 1. HP: 20/20 MP: 1/1
     0 | D        | Found a shimmering blue altar of Sif Muna.
     0 | D        | Found a bloodstained altar of Trog.
     0 | D        | Found a sacrificial altar of Ru.
     0 | D        | Found a stormy altar of Qazlal.
     0 | D        | Found an iron altar of Okawaru.
     1 | D        | Found a sparkling altar of Nemelex Xobeh.
     1 | D        | Found a blossoming altar of Fedhas.
     2 | D        | Found the +6 Majin-Bo {vamp, MP+6 Int+6}
     2 | D        | Found the +9 heavy crossbow "Sniper" {vorpal, Acc+∞ SInv}
     2 | D        | Found the +10 dark maul {vorpal}
     2 | D        | Found the +15 Maxwell's patent armour {-Cast -Tele rElec
                  | MR+ rCorr}
     2 | D        | Found the +18 shield of the Gong {rElec rN+ MR+ EV-5}
     2 | D        | Found the cursed +14 obsidian axe {vorpal, +Fly SInv
                  | *Curse}
     2 | D        | Found the +7 great mace "Firestarter" {inner flame, rF++}
     2 | D        | Found the +6 shillelagh "Devastator" {shatter}
     2 | D        | Found the +11 plutonium sword {*Contam Stlth-}
     2 | D        | Found the +8 lance "Wyrmbane" {slay drac, rPois rF+ rC+
                  | AC+3}
     2 | D        | Found the +9 sword of Zonguldrok {reap}
     2 | D        | Found the cursed +13 scythe of Curses {drain, *Curse}
     2 | D        | Found the +0 sword of Power
     2 | D        | Found the +7 mace of Variability {chain chaos}
     2 | D        | Found the +7 Singing Sword {vorpal, sonic wave}
     2 | D        | Found the +8 storm bow {elec, penet}
     3 | D        | Found a transporter.
     3 | D        | Found an ancient bone altar of Kikubaaqudgha.
     3 | D        | Found a viscous altar of Jiyva.
     3 | D        | Found a corrupted altar of Lugonu.
     3 | D        | Found a hazy altar of Hepliaklqana.
     3 | D        | Found a burning altar of Makhleb.
     3 | D        | Found an opulent altar of Gozag.
    29 | D        | Became a worshipper of Makhleb the Destroyer
    61 | D        | Entered arena 2.
    61 | D        | Found a transporter.
    75 | D        | Entered arena 3.
    75 | D        | Noticed a water moccasin
    75 | D        | Found a transporter.
    90 | D        | Killed a water moccasin
    90 | D        | Reached * piety under Makhleb
    90 | D        | Reached skill level 5 in Armour
    90 | D        | Reached skill level 7 in Shields
    90 | D        | Reached XP level 2. HP: 20/31 MP: 2/2
    90 | D        | Reached XP level 3. HP: 24/38 MP: 3/3
    90 | D        | Reached XP level 4. HP: 29/45 MP: 4/4
   219 | D        | Entered arena 4.
   219 | D        | Noticed a porcupine
   219 | D        | Noticed a wolf
   219 | D        | Found a transporter.
   223 | D        | Killed a porcupine
   223 | D        | Reached ** piety under Makhleb
   223 | D        | Reached skill level 5 in Fighting
   223 | D        | Reached skill level 8 in Shields
   223 | D        | Reached XP level 5. HP: 55/55 MP: 5/5
   223 | D        | Killed a wolf
   223 | D        | Reached skill level 5 in Long Blades
   223 | D        | Reached skill level 9 in Shields
   223 | D        | Reached XP level 6. HP: 62/62 MP: 6/6
   234 | D        | Entered arena 5.
   234 | D        | Found a transporter.
   238 | D        | Reached *** piety under Makhleb
   238 | D        | Reached skill level 10 in Shields
   252 | D        | Entered arena 6.
   252 | D        | Noticed a guardian mummy
   252 | D        | Noticed an ushabti
   252 | D        | Found a transporter.
   256 | D        | Reached **** piety under Makhleb
   257 | D        | Killed a guardian mummy
   257 | D        | Reached skill level 11 in Shields
   257 | D        | Reached XP level 7. HP: 51/70 MP: 7/7
   257 | D        | Killed an ushabti
   257 | D        | Reached skill level 12 in Shields
   257 | D        | Reached ***** piety under Makhleb
   283 | D        | Entered arena 7.
   284 | D        | Found a transporter.
   302 | D        | Entered arena 8.
   302 | D        | Noticed a yak
   303 | D        | Found a transporter.
   306 | D        | Reached XP level 8. HP: 81/81 MP: 8/8
   306 | D        | Reached ****** piety under Makhleb
   309 | D        | Reached skill level 13 in Shields
   318 | D        | Entered arena 9.
   319 | D        | Found a transporter.
   350 | D        | Entered arena 10.
   351 | D        | Found a transporter.
   358 | D        | Reached skill level 10 in Long Blades
   373 | D        | Entered arena 11.
   373 | D        | Noticed Sigmund
   373 | D        | Noticed Crazy Yiuf
   373 | D        | Noticed Dowan
   373 | D        | Noticed Edmund
   373 | D        | Noticed Gastronok
   373 | D        | Noticed Grinder
   373 | D        | Noticed Joseph
   373 | D        | Noticed Prince Ribbit
   373 | D        | Noticed Purgy
   374 | D        | Found a transporter.
   377 | D        | Killed Crazy Yiuf
   377 | D        | Killed Purgy
   379 | D        | Killed Prince Ribbit
   379 | D        | Reached skill level 1 in Dodging
   379 | D        | Reached skill level 14 in Shields
   379 | D        | Gained mutation: You passively map the area around you.
                  | [Deep Dwarf growth]
   379 | D        | Reached XP level 9. HP: 88/90 MP: 9/9
   380 | D        | Killed Grinder
   380 | D        | Killed Dowan
   382 | D        | Killed Sigmund
   382 | D        | Killed Edmund
   392 | D        | Killed Joseph
   392 | D        | Reached skill level 15 in Shields
   393 | D        | Killed Gastronok
   393 | D        | Reached skill level 16 in Shields
   393 | D        | Reached XP level 10. HP: 100/100 MP: 10/10
   597 | D        | Entered arena 12.
   597 | D        | Noticed a storm dragon
   597 | D        | Noticed a spriggan air mage
   597 | D        | Noticed a spriggan air mage
   598 | D        | Noticed a storm dragon
   598 | D        | Noticed a titan
   598 | D        | Noticed a spriggan air mage
   598 | D        | Noticed a spriggan air mage
   599 | D        | Found a transporter.
   612 | D        | Slain by a titan

Illustrated notes

Levels and vault maps discovered:
D:        sprint_v [room_start, room_1, room_2, room_3, room_4, room_5, room_6,
          room_7, room_8, room_9, room_10, room_11, room_12, room_13, room_14,
          room_15, room_16, room_17, room_18, room_19, room_20, room_21,
          room_22, room_23, room_24, room_25, room_26, room_27]

Skill      XL: |  1  2  3  4  5  6  7  8  9 |
---------------+----------------------------+-----
Fighting       | 4 5 6 7 8 9 |  9.7
Long Blades    | 3 4 5 7 8 10 13 | 13.4
Armour         | 5 6 7 8 9 |  9.1
Shields        | 7 8 9 11 12 14 16 | 16.2
Dodging        | 1 2 |  2.9
Stealth        | |  0.2

Action                   |  1- 3 |  4- 6 |  7- 9 | 10-12 || total
-------------------------+-------+-------+-------+-------++-------
Melee: Double sword      |    18 |    13 |    46 |     8 ||    85
 Abil: Heal Wounds       |       |     1 |     3 |     3 ||     7
  Use: Potion            |       |       |     1 |     1 ||     2
Armor: Plate armour      |    27 |     7 |    19 |    32 ||    85
Dodge: Dodged            |     2 |       |       |     2 ||     4
Block: Kite shield       |    52 |    13 |    70 |    48 ||   183
       Reflection        |       |       |     1 |       ||     1
       Rpst.: Double sword |     1 |       |       |       ||     1

Table legend: (Time is in decaauts)
 A = Elapsed time spent in this place.
 B = Non-inter-level travel time spent in this place.
 C = Inter-level travel time spent in this place.
 D = Time resting spent in this place.
 E = Time spent auto-exploring this place.
 F = Levels seen in this place.
 G = Mean time per level.
                   A        B        C        D        E       F      G
               +--------+--------+--------+--------+--------+-----+--------+
         Total |    629 |    629 |      0 |    319 |      0 |   1 |  629.0 |
       Dungeon |    629 |    629 |      0 |    319 |      0 |   1 |  629.0 |
               +--------+--------+--------+--------+--------+-----+--------+

Top non-repeatable levels by time:
       D: 629 daAuts
